 Dungeon Crawl Stone Soup version 0.27-a0-216-g1fbed8a51c (webtiles) character file.

Game seed: 12629315679717864867

5233 knot the Cleaver (level 10, -4/109 HPs)
             Began as a Demonspawn Berserker on Feb 1, 2021.
             Was a High Priest of Trog.
             Slain by Snorg (17 damage)
             ... on level 10 of the Dungeon.
             The game lasted 00:14:39 (8858 turns).

knot the Cleaver (Demonspawn Berserker)             Turns: 8858, Time: 00:14:39

Health: -4/109     AC:  8    Str: 18    XL:     10   Next: 35%
Magic:  19/19      EV: 13    Int: 11    God:    Trog [*****.]
Gold:   575        SH:  0    Dex: 13    Spells: 9/9 levels left

rFire    . . .     SeeInvis .   t - +0 war axe (elec)
rCold    . . .     Faith    .   (no shield)
rNeg     . . .     Spirit   .   o - +0 troll leather armour
rPois    .         Reflect  .   B - +2 helmet
rElec    .         Harm     .   (no cloak)
rCorr    .         Rampage  .   i - +0 pair of gloves
Will     +....                  (no boots)
Stlth    ..........             (no amulet)
HPRegen  0.68/turn              b - ring of magical power
MPRegen  0.16/turn              O - ring of willpower

@: berserking, very quick
A: claws 2, powered by death 3
a: Renounce Religion, Berserk, Trog's Hand, Brothers in Arms


You were on level 10 of the Dungeon.
You worshipped Trog.
Trog was extremely pleased with you.
You visited 1 branch of the dungeon, and saw 10 of its levels.

You collected 575 gold pieces.

Inventory:

Hand Weapons
 t - a +0 war axe of electrocution (weapon)
 u - a +0 battleaxe
 M - a +2 flail of draining
Missiles
 e - 396 stones
 f - 46 sling bullets
 n - 19 poisoned darts (quivered)
 C - 2 throwing nets
 P - 4 boomerangs
Armour
 i - a +0 pair of gloves (worn)
 o - a +0 troll leather armour (worn)
 v - the +4 tower shield "Dys Waur" {rElec rN+ Int+2 Stlth-}
   (You found it on level 4 of the Dungeon)

   It affects your intelligence (+2).
   It insulates you from electricity.
   It protects you from negative energy.
   It makes you less stealthy.
 B - a +2 helmet (worn)
 L - the +0 helmet "Howk" {*Corrode rPois MP+9}
   (You found it on level 8 of the Dungeon)

   It protects you from poison.
   It affects your magic capacity (+9).
   It may corrode you when you take damage.
Magical Staves
 g - an uncursed staff of death {unknown}
Jewellery
 b - a ring of magical power (left hand)
 E - an uncursed ring of fire
 I - an uncursed amulet of inaccuracy
 O - a ring of willpower (right hand)
Wands
 k - a wand of iceblast (22)
 y - a wand of polymorph (19)
 F - a wand of acid (17)
 K - a wand of flame (44)
Scrolls
 j - 8 scrolls of identify
 p - 2 scrolls of remove curse
 q - 2 scrolls of random uselessness {unknown}
 s - 3 scrolls of enchant armour {unknown}
 w - 2 scrolls of fear {unknown}
 z - 5 scrolls of teleportation
 A - 2 scrolls of noise {unknown}
 D - 2 scrolls of fog {unknown}
 G - a scroll of enchant weapon {unknown}
 H - 5 scrolls of magic mapping
Potions
 a - 2 potions of resistance {unknown}
 c - 5 potions of curing {unknown}
 d - 6 potions of magic {unknown}
 h - a potion of might {unknown}
 l - 4 potions of degeneration {unknown}
 m - a potion of brilliance {unknown}
 r - 2 potions of flight {unknown}
 x - a potion of ambrosia {unknown}
 J - a potion of cancellation
 N - a potion of lignification {unknown}
 Q - a potion of haste {unknown}
 R - a potion of heal wounds {unknown}


   Skills:
 - Level 4.6 Fighting
 + Level 11.8 Axes
 * Level 5.4 Throwing
 - Level 3.5 Armour
 - Level 3.6 Dodging


You had 9 spell levels left.
You didn't know any spells.
Your spell library contained the following spells:

 Spells                   Type           Power        Failure   Level
 Animate Skeleton         Necr           0%           38%         1
 Apportation              Tloc           0%           38%         1
 Beastly Appendage        Tmut           0%           38%         1
 Corona                   Hex            0%           38%         1
 Freeze                   Ice            0%           38%         1
 Summon Small Mammal      Summ           0%           38%         1
 Wereblood                Tmut           0%           54%         2
 Confusing Touch          Hex            0%           77%         3
 Frozen Ramparts          Ice            0%           77%         3
 Gell's Gravitas          Tloc           0%           77%         3
 Ozocubu's Armour         Ice            0%           77%         3
 Spider Form              Tmut/Pois      0%           77%         3
 Hailstorm                Conj/Ice       0%           99%         4
 Ice Form                 Ice/Tmut       0%           99%         4
 Petrify                  Tmut/Erth      0%           99%         4
 Summon Ice Beast         Ice/Summ       0%           99%         4
 Blade Hands              Tmut           0%           100%        5
 Metabolic Englaciation   Hex/Ice        0%           100%        5
 Yara's Violent Unravell  Hex/Tmut       0%           100%        5


Dungeon Overview and Level Annotations

Branches:
Dungeon (10/15)            Temple (0/1) D:5
   Lair: D:8-11         Orc: D:9-12

Altars:
Cheibriados
Dithmenos
Elyvilon
Fedhas
Gozag
Hepliaklqana
Kikubaaqudgha
Makhleb
Okawaru
Ru
Sif Muna
Trog
Uskayaw
Vehumet
Wu Jian
Xom

Annotations:
D:10 Snorg


Innate Abilities, Weirdness & Mutations

You have very sharp fingernails.
You regenerate a lot of health from kills.


Message History

You barely miss Snorg.
Snorg is moderately wounded.
Snorg bites you!!
* * * LOW HITPOINT WARNING * * *
Snorg claws you but does no damage. Snorg closely misses you.
You slice Snorg!!
Snorg is heavily wounded.
Snorg closely misses you. x2; Snorg claws you but does no damage.
You slash Snorg!
Snorg is severely wounded.
Snorg bites you.
* * * LOW HITPOINT WARNING * * *
Snorg barely misses you. Snorg claws you.
* * * LOW HITPOINT WARNING * * *
You hit Snorg.
Snorg is severely wounded.
Snorg bites you.
* * * LOW HITPOINT WARNING * * *
Snorg misses you. Snorg claws you!
You die...

#....#........#
#....##..##.###
#.....#####.#
#..#..#.....#
#..#..#.....# +
#.....#.....# .#
#.....#'###.# ..#
#.........#.##...###
#.###..##.#.@Th.....
#. .......####......
#.......... .....
#.###..#..... .... #
.......#. ###
........#..
#...##...


You could see Snorg (berserk) and a hound.

Vanquished Creatures
  An unseen horror (D:10)
  A troll (D:9)
  Grinder (D:3)
  5 yaks (D:9)
  A wyvern (D:8)
  4 orc warriors
  3 sky beasts
  A black bear (D:6)
  3 ogres
  An ice beast (D:5)
  A phantom (D:10)
  5 bullfrogs
  2 scorpions
  4 killer bees (D:8)
  A vampire bat (D:4)
  3 howler monkeys
  2 jellies
  2 quasits
  A hound (D:10)
  2 bullfrog skeletons (D:4)
  6 orc priests
  A gnoll shaman (D:6)
  3 iguanas
  13 orc wizards
  10 worker ants
  A hound skeleton (D:5)
  A worker ant zombie (D:5)
  A howler monkey skeleton (D:4)
  12 gnolls
  7 adders
  3 shadow imps
  5 white imps
  2 adder zombies
  3 adder skeletons
  4 worms
  3 dart slugs
  8 leopard geckos
  36 orcs
  2 ball pythons
  6 bats
  4 bat skeletons (D:4)
  2 bat zombies (D:4)
  3 giant cockroaches
  13 goblins
  13 hobgoblins
  9 jackals
  2 quokkas
  A frilled lizard (D:1)
  A jackal skeleton (D:5)
  11 kobolds
  7 rats
237 creatures vanquished.

Vanquished Creatures (others)
  An orc (D:8)
  9 plants (D:3)
10 creatures vanquished.

Grand Total: 247 creatures vanquished

Notes
Turn   | Place    | Note
-------+----------+-------------------------------------------
     0 | D:1      | knot the Demonspawn Berserker began the quest for the Orb.
     0 | D:1      | Reached XP level 1. HP: 18/18 MP: 1/1
   286 | D:1      | Gained mutation: You regenerate a little health from kills.
                  | [demonic ancestry]
   286 | D:1      | Reached XP level 2. HP: 20/24 MP: 2/2
   605 | D:1      | Reached skill level 3 in Axes
   683 | D:1      | Reached ** piety under Trog
   801 | D:1      | Gained mutation: You regenerate health from kills. [demonic
                  | ancestry]
   801 | D:1      | Reached XP level 3. HP: 29/29 MP: 3/3
   993 | D:2      | Found a blossoming altar of Fedhas.
  1301 | D:2      | Found a shimmering altar of Xom.
  1303 | D:2      | Found a sacrificial altar of Ru.
  1303 | D:2      | Found a sparkling altar of Nemelex Xobeh.
  1313 | D:2      | Found a hide-covered altar of Uskayaw.
  1313 | D:2      | Found an ornate altar of the Wu Jian Council.
  1313 | D:2      | Found a hazy altar of Hepliaklqana.
  1496 | D:2      | Found a snail-covered altar of Cheibriados.
  1498 | D:2      | Gained mutation: You regenerate a lot of health from kills.
                  | [demonic ancestry]
  1498 | D:2      | Reached XP level 4. HP: 35/35 MP: 4/4
  1660 | D:3      | Found a white marble altar of Elyvilon.
  1744 | D:3      | Noticed Grinder
  1750 | D:3      | Paralysed by Grinder for 6 turns
  1771 | D:3      | Killed Grinder
  1772 | D:3      | Reached XP level 5. HP: 39/42 MP: 5/5
  1772 | D:3      | Gained mutation: You have sharp fingernails. [demonic
                  | ancestry]
  1772 | D:3      | Reached XP level 6. HP: 44/48 MP: 6/6
  2560 | D:4      | Reached skill level 4 in Axes
  2923 | D:4      | Reached XP level 7. HP: 47/55 MP: 7/7
  3221 | D:4      | Found a faded altar of an unknown god.
  3221 | D:4      | Found a sacrificial altar of Ru.
  3226 | D:4      | Found a shadowy altar of Dithmenos.
  3228 | D:4      | Found a faded altar of an unknown god.
  3230 | D:4      | Found a burning altar of Makhleb.
  3335 | D:4      | Reached skill level 5 in Axes
  3839 | D:4      | Got a slimy tower shield
  3840 | D:4      | Identified the +4 tower shield "Dys Waur" {rElec rN+ Int+2
                  | Stlth-} (You found it on level 4 of the Dungeon)
  3893 | D:4      | Found a hazy altar of Hepliaklqana.
  3966 | D:4      | Reached *** piety under Trog
  4024 | D:4      | Noticed a moth of wrath
  4026 | D:4      | Found a bloodstained altar of Trog.
  4136 | D:4      | Reached skill level 6 in Axes
  4223 | D:4      | Found an ancient bone altar of Kikubaaqudgha.
  4288 | D:5      | Entered Level 5 of the Dungeon
  4409 | D:5      | Reached XP level 8. HP: 54/61 MP: 8/8
  4580 | D:5      | Reached skill level 7 in Axes
  5008 | D:5      | Found a staircase to the Ecumenical Temple.
  5137 | D:5      | Reached skill level 8 in Axes
  5186 | D:5      | Reached **** piety under Trog
  5542 | D:6      | Found an opulent altar of Gozag.
  5596 | D:6      | Reached skill level 9 in Axes
  6292 | D:6      | Reached XP level 9. HP: 64/66 MP: 9/9
  6580 | D:7      | Reached skill level 10 in Axes
  7023 | D:8      | Reached ***** piety under Trog
  7102 | D:8      | Reached skill level 11 in Axes
  7351 | D:8      | Got a smoking helmet
  7362 | D:8      | Identified the cursed +0 helmet "Howk" {*Corrode rPois
                  | MP+9} (You found it on level 8 of the Dungeon)
  7502 | D:8      | Reached skill level 1 in Throwing
  7535 | D:8      | Found a radiant altar of Vehumet.
  7690 | D:8      | Found a shimmering blue altar of Sif Muna.
  7770 | D:9      | Found an iron altar of Okawaru.
  8096 | D:9      | Found a bloodstained altar of Trog.
  8140 | D:9      | Noticed a troll
  8143 | D:9      | Killed a troll
  8192 | D:9      | Gained mutation: You have very sharp fingernails. [demonic
                  | ancestry]
  8192 | D:9      | Reached XP level 10. HP: 73/73 MP: 10/10
  8748 | D:10     | Entered Level 10 of the Dungeon
  8811 | D:10     | Killed an unseen horror
  8812 | D:10     | Reached skill level 5 in Throwing
  8846 | D:10     | Noticed Snorg
  8858 | D:10     | Slain by Snorg

Illustrated notes

Levels and vault maps discovered:
D:1:      lightli_iron_boxes, layout_rooms, st_stairs_8
D:2:      layout_loops_ring, doesnt_xom_only_xom, marbit_many_paths,
          cheibriados_altar_1, lemuel_old_faithful
D:3:      layout_loops_ring, general_overflow_altar, serial_forest,
          infiniplex_forest_clump_long, infiniplex_forest_straight_2,
          infiniplex_forest_straight_3, infiniplex_forest_join,
          infiniplex_forest_diagonal, infiniplex_forest_lined_3,
          infiniplex_forest_clump_cross, uniq_grinder
D:4:      layout_rooms, lemuel_coloured_pillars_altar,
          chequers_temple_overflow_minitemple, kennysheep_vampire_church,
          hex_large, tgw_trog
D:5:      layout_loops_ring, temple_fountains, st_stairs_11
D:6:      black_bear_nest_1, layout_loops_ring, lemuel_doored_altar,
          serial_glass, glass_columns_b, glass_columns_a, glass_columns_a,
          glass_columns_a, due_unseen_surprise, chequers_serial_rivers_micro_c,
          nicolae_water_bricks, kennysheep_generic_room_16
D:7:      layout_basic
D:8:      layout_cave_pools, kennysheep_mini_moat, vehumet_altar_wand_db
D:9:      layout_irregular_city, kennysheep_okawaru_gauntlet, trog_hazing_becter
D:10:     layout_stronghold, serial_shops, shop, uniq_gastronok, uniq_snorg,
          uniq_nergalle, uniq_erolcha

Skill      XL: |  1  2  3  4  5  6  7  8  9 10 |
---------------+-------------------------------+-----
Armour         | 2 3 |  3.5
Dodging        | 2 3 |  3.6
Axes           | 3 4 6 9 11 | 11.8
Fighting       | 4 |  4.6
Throwing       | 3 5 |  5.4

Action                   |  1- 3 |  4- 6 |  7- 9 | 10-12 || total
-------------------------+-------+-------+-------+-------++-------
Melee: Hand axe          |   139 |    78 |    23 |       ||   240
       War axe           |       |       |   440 |    48 ||   488
Throw: Dart              |       |    14 |     8 |       ||    22
       Stone             |       |     1 |       |       ||     1
       Throwing net      |       |       |     2 |       ||     2
Invok: Berserk           |     2 |     4 |    11 |     1 ||    18
       Trog's Hand       |       |     1 |     4 |       ||     5
Evoke: Wand              |       |     7 |     8 |       ||    15
  Use: Scroll            |       |       |     8 |       ||     8
       Potion            |       |       |     2 |       ||     2
Armor: Animal skin       |     6 |       |       |       ||     6
       Scale mail        |    51 |    43 |   254 |       ||   348
       Troll leather arm |       |       |       |    22 ||    22
Dodge: Dodged            |    90 |    51 |   290 |    26 ||   457

Table legend: (Time is in decaauts)
 A = Elapsed time spent in this place.
 B = Non-inter-level travel time spent in this place.
 C = Inter-level travel time spent in this place.
 D = Time resting spent in this place.
 E = Time spent auto-exploring this place.
 F = Levels seen in this place.
 G = Mean time per level.
                   A        B        C        D        E       F      G
               +--------+--------+--------+--------+--------+-----+--------+
         Total |   9054 |   8755 |    299 |   2315 |   4795 |  10 |  905.4 |
       Dungeon |   9054 |   8755 |    299 |   2315 |   4795 |  10 |  905.4 |
               +--------+--------+--------+--------+--------+-----+--------+

Top non-repeatable levels by time:
     D:4: 1576 daAuts
     D:3: 1193 daAuts
     D:6: 1098 daAuts
     D:5: 1093 daAuts
     D:9: 994 daAuts
     D:1: 856 daAuts
     D:2: 835 daAuts
     D:8: 765 daAuts
     D:7: 536 daAuts
    D:10: 105 daAuts
